 Dungeon Crawl Stone Soup version 0.17.0-28-g6e173f8 (console) character file.

10865 Kloppie the Basher (level 11, -9/71 HPs)
             Began as a Gargoyle Fighter on Nov 30, 2015.
             Was a Believer of Elyvilon.
             Killed from afar by a gargoyle (18 damage)
             ... with a stone arrow
             ... on level 10 of the Dungeon.
             The game lasted 00:24:22 (11357 turns).

Kloppie the Basher (Gargoyle Fighter)              Turns: 11357, Time: 00:24:22

Health: -9/71      AC: 24    Str: 19    XL:     11   Next: 68%
Magic:  14/17      EV:  6    Int: 10    God:    Elyvilon [**....]
Gold:   567        SH:  0    Dex: 12    Spells: 0 memorised, 10 levels left

rFire  . . .     SeeInvis +     a - +3 dire flail
rCold  . . .     Clarity  .     T - +0 plate armour
rNeg   + . .     SustAt   .     (shield currently unavailable)
rPois  ∞         Gourm    .     Y - +1 hat {SInv}
rElec  +         Spirit   .     (no cloak)
rCorr  .         Warding  .     (no gloves)
rMut   .         Stasis   +     u - +0 pair of boots
MR     .....                    y - amulet of stasis
Stlth  ..........               (no ring)
                                (no ring)

@: not resistant to hostile enchantments, extremely unstealthy
A: negative energy resistance 1, electricity resistance, unbreathing,
petrification resistance, rot immunity, AC +7
a: Lesser Healing, Heal Other, Divine Protection, Renounce Religion


You were on level 10 of the Dungeon.
You worshipped Elyvilon.
Elyvilon was pleased with you.
You were not hungry.

You visited 2 branches of the dungeon, and saw 12 of its levels.
You also visited: Sewer.

You collected 567 gold pieces.

Inventory:

Hand Weapons
 a - a +3 dire flail (weapon)
 b - a +2 flail of holy wrath
 B - a +0 great mace
Armour
 c - a +0 shield
 u - a +0 pair of boots (worn)
 T - a +0 plate armour (worn)
 Y - a +1 hat of see invisible (worn)
Jewellery
 p - an uncursed ring of teleportation
 y - an amulet of stasis (around neck)
Wands
 g - a wand of lightning (6)
 k - a wand of flame (35)
 F - a wand of lightning (11)
 G - a wand of disintegration (19)
 I - a wand of digging (16)
 M - a wand of polymorph (16)
 N - a wand of magic darts (32)
 S - a wand of slowing (45)
 X - a wand of polymorph (13)
 Z - a wand of teleportation (5)
Scrolls
 f - 3 scrolls of amnesia
 i - 2 scrolls of immolation
 l - 12 scrolls of remove curse
 r - a scroll of fear
 x - 5 scrolls of magic mapping
 C - a scroll of recharging {unknown}
 E - 4 scrolls of noise
 P - a scroll of enchant armour
 R - a scroll of enchant weapon
 V - 2 scrolls of random uselessness {unknown}
 W - a scroll of identify
Potions
 d - a potion of poison {unknown}
 j - 2 potions of cancellation
 q - a potion of mutation
 s - 4 potions of degeneration
 t - a potion of invisibility
 v - 4 potions of curing
 w - a potion of resistance
 z - a potion of ambrosia
 A - 2 potions of magic
 D - 2 potions of haste {unknown}
 H - a potion of heal wounds {unknown}
 J - a potion of cure mutation {unknown}
 K - a potion of brilliance {unknown}
Miscellaneous
 o - a plain deck of defence {drawn: 3}
Comestibles
 e - 5 bread rations
 h - 12 chunks of flesh
 m - a slice of pizza
 n - 4 meat rations


   Skills:
 - Level 9.3 Fighting
 + Level 11.6 Maces & Flails
 + Level 10.1 Armour
 - Level 3.2 Shields
 - Level 8.2 Invocations


You had 10 spell levels left.
You didn't know any spells.

Dungeon Overview and Level Annotations

Branches:
Dungeon (11/15)            Temple (1/1) D:5            Lair (0/8) D:10
    Orc: D:9-12

Altars:
Cheibriados
Dithmenos
Elyvilon
Fedhas
Gozag
Kikubaaqudgha
Makhleb
Nemelex Xobeh
Okawaru
Qazlal
Ru
Sif Muna
Trog
Vehumet
Xom
Yredelemnul
Zin
The Shining One

Shops:
D:10 [


Innate Abilities, Weirdness & Mutations

You are resistant to torment.
Your stone body is resilient (AC +7).
You are immune to poison.
You resist negative energy.
You are resistant to electric shocks.
You can survive without breathing.
You are immune to petrification.
You are immune to rotting.


Message History

You barely miss the gargoyle.
The gargoyle hits you but does no damage.
You hit the gargoyle.
The gargoyle is moderately damaged.
Drink which item? (? for menu, Esc to quit)
Okay, then.
You barely miss the gargoyle.
The gargoyle is moderately damaged.
The gargoyle hits you with a flail!
* * * LOW HITPOINT WARNING * * *
You hit the gargoyle.
The gargoyle is moderately damaged.
You barely miss the gargoyle.
The gargoyle is moderately damaged.
The gargoyle hits you but does no damage.
You thump the gargoyle!
The gargoyle is almost destroyed.
The gargoyle hurls a stone arrow at you.
The stone arrow hits you!
You die...

≈#....(.#............#
.'.....).......[.....#
≈#..Y..).###[#########
#...g..## #.###
##'##### #...# ..
#####'### '# #.......#
...##.#.#...#.#
...8..9@.8....+
...##.###)###.# #.
#.?. .# . ###.# # ##
... #.# .# #


You could see a gargoyle.

Vanquished Creatures
  Gastronok (D:9)
  The ghost of Musteatbrain the Nimble, a novice MfFi of the Shining One (D:8)
  An ugly thing (D:9)
  A komodo dragon (D:10)
  A two-headed ogre (D:10)
  The ghost of Heronus the Covered, an amateur MiFi of Nemelex Xobeh (D:4)
  A troll (D:10)
  Prince Ribbit (D:7)
  4 wraiths
  2 deep elf magi
  9 yaks
  A steam dragon (D:11)
  A hippogriff (D:9)
  Menkaure (D:6)
  A water moccasin (D:10)
  4 eyes of draining
  Purgy (Sewer)
  An orc warrior (D:11)
  3 phantoms
  A necrophage (D:9)
  3 sky beasts
  An ice beast (D:11)
  2 ogres
  5 centaurs
  4 giant frogs
  A water moccasin zombie (D:5)
  2 scorpions
  A wyvern skeleton (D:10)
  6 killer bees (D:9)
  5 wights
  3 crimson imps
  4 orc priests
  8 orc wizards
  A wasp zombie (D:9)
  4 human zombies (D:9)
  2 jellies (D:5)
  Ijyb (D:3)
  4 hounds
  A centaur skeleton (D:7)
  2 human skeletons (D:9)
  Jessica (D:2)
  Natasha (D:1)
  3 iguanas
  12 worker ants
  A killer bee zombie (D:5)
  An ogre zombie (D:9)
  2 hound zombies
  2 hound skeletons
  12 gnolls
  12 adders
  A shadow imp (D:5)
  3 oozes
  An adder skeleton (D:6)
  4 worms
  6 giant geckos
  33 orcs
  3 ball pythons
  6 bats
  7 giant cockroaches
  7 goblins
  15 hobgoblins
  7 jackals
  2 quokkas
  A giant cockroach zombie (D:5)
  A giant gecko zombie (D:5)
  8 giant newts
  11 kobolds
  A quokka zombie (D:9)
  12 rats
273 creatures vanquished.

Vanquished Creatures (others)
  An orc wizard (D:3)
  A plant (D:10)
2 creatures vanquished.

Grand Total: 275 creatures vanquished

Notes
Turn   | Place    | Note
--------------------------------------------------------------
     0 | D:1      | Kloppie the Gargoyle Fighter began the quest for the Orb.
     0 | D:1      | Reached XP level 1. HP: 14/14 MP: 1/1
   176 | D:1      | Reached XP level 2. HP: 17/19 MP: 2/2
   767 | D:1      | Reached XP level 3. HP: 24/24 MP: 3/3
  1114 | D:2      | Noticed Natasha
  1309 | D:1      | Reached skill level 4 in Fighting
  1613 | D:2      | Reached XP level 4. HP: 29/29 MP: 4/4
  1900 | D:1      | Killed Natasha
  2201 | D:2      | Noticed Jessica
  2205 | D:2      | Killed Jessica
  2430 | D:3      | Reached XP level 5. HP: 22/33 MP: 5/5
  2943 | D:3      | Reached skill level 5 in Armour
  3175 | D:3      | Reached XP level 6. HP: 37/40 MP: 6/6
  3472 | D:3      | Found a bloodstained altar of Trog.
  3472 | D:3      | Noticed an eye of draining
  3474 | D:3      | Noticed an eye of draining
  3499 | D:3      | Killed an eye of draining
  3499 | D:3      | Reached skill level 5 in Fighting
  3521 | D:3      | Killed an eye of draining
  3521 | D:3      | Reached XP level 7. HP: 42/44 MP: 0/7
  3697 | D:3      | Noticed Ijyb
  3708 | D:3      | Killed Ijyb
  3788 | D:4      | Reached skill level 5 in Maces & Flails
  3895 | D:4      | Noticed Heronus's ghost (amateur MiFi)
  3921 | D:4      | Killed Heronus's ghost
  3921 | D:4      | Reached skill level 6 in Fighting
  3921 | D:4      | Reached XP level 8. HP: 29/51 MP: 8/8
  4096 | D:4      | Found a glowing drain.
  4119 | Sewer    | Entered a sewer
  4204 | Sewer    | Noticed Purgy
  4216 | Sewer    | Killed Purgy
  4484 | D:4      | Reached skill level 7 in Armour
  4526 | D:4      | Found a sparkling altar of Nemelex Xobeh.
  4855 | D:4      | Found a glowing silver altar of Zin.
  4856 | D:4      | Noticed an angel
  4912 | D:4      | Found an opulent altar of Gozag.
  5018 | D:4      | Found a burning altar of Makhleb.
  5108 | D:5      | Entered Level 5 of the Dungeon
  5413 | D:5      | Reached XP level 9. HP: 53/58 MP: 9/9
  5676 | D:5      | Reached skill level 8 in Armour
  5841 | D:5      | Found a staircase to the Ecumenical Temple.
  5847 | Temple   | Entered the Ecumenical Temple
  6116 | D:6      | Noticed Menkaure
  6123 | D:6      | Killed Menkaure
  6271 | D:6      | Found a shimmering altar of Xom.
  6518 | D:6      | Found a white marble altar of Elyvilon.
  6526 | D:6      | Became a worshipper of Elyvilon the Healer
  7040 | D:7      | Noticed Prince Ribbit
  7067 | D:7      | Killed Prince Ribbit
  7167 | D:7      | Reached skill level 9 in Armour
  7171 | D:7      | Found a blossoming altar of Fedhas.
  7329 | D:7      | Found a stormy altar of Qazlal.
  7474 | D:7      | Reached * piety under Elyvilon
  7854 | D:8      | Noticed Musteatbrain's ghost (novice MfFi)
  7879 | D:8      | Killed Musteatbrain's ghost
  7879 | D:8      | Reached XP level 10. HP: 24/66 MP: 9/12
  8281 | D:8      | You fall through a shaft for 3 floors!
  8646 | D:11     | Got a smelly ring mail
  8647 | D:11     | Identified the +2 ring mail "Fiyjiallot" {rF+} (You found it on level 11 of the Dungeon)
  8671 | D:11     | Reached skill level 5 in Invocations
  9170 | D:11     | Reached ** piety under Elyvilon
  9185 | D:10     | Entered Level 10 of the Dungeon
  9198 | D:10     | Found a staircase to the Lair.
  9340 | D:9      | Reached skill level 10 in Maces & Flails
  9607 | D:9      | Found an iron altar of Okawaru.
  9666 | D:9      | Noticed Gastronok
  9701 | D:9      | Killed Gastronok
  9701 | D:9      | Reached XP level 11. HP: 15/71 MP: 15/17
 10401 | D:9      | Found an ancient bone altar of Kikubaaqudgha.
 10428 | D:9      | Reached skill level 11 in Maces & Flails
 11286 | D:10     | Reached skill level 10 in Armour
 11332 | D:10     | Found Yplawk's Antique Armour Emporium.
 11357 | D:10     | Killed from afar by a gargoyle

Action                   |  1- 3 |  4- 6 |  7- 9 | 10-12 || total
-------------------------+-------+-------+-------+-------++-------
Melee: Flail             |   138 |   205 |   557 |   144 ||  1044
       Dire flail        |       |       |       |   347 ||   347
Evoke: Deck              |       |     2 |     1 |       ||     3
       Wand              |       |       |       |     1 ||     1
  Use: Potion            |     1 |     1 |       |       ||     2
       Scroll            |       |       |    19 |     1 ||    20
  Eat: Chunk             |     2 |     7 |    15 |     9 ||    33
       Fruit             |       |       |       |     3 ||     3
